[Event "ICC tourney 2182 (40 10)"]
[Site "Internet Chess Club"]
[Date "2020.12.06"]
[Round "2"]
[White "MrNormalName"]
[Black "sanjayrame"]
[Result "0-1"]
[ICCResult "White checkmated"]
[WhiteElo "2181"]
[BlackElo "1943"]
[Opening "QGD semi-Slav: 5.e3"]
[ECO "D45"]
[NIC "SL.08"]
[Time "13:17:28"]
[PlyCount "176"]
[TimeControl "2400+10"]


1. d4 d5 2. c4 c6 3. Nc3 Nf6 4. e3 e6 5. Nf3 Bd6 6. Bd3 O-O 7. e4 dxe4 8.
Nxe4 Nxe4 9. Bxe4 Nd7 10. O-O Nf6 11. Bc2 h6 12. b3 b6 13. Bb2 Bb7 14. Qe2
Qe7 15. Rfe1 Ba3 16. Bc3 Bb4 17. Bxb4 Qxb4 18. Rad1 Rfd8 19. Ne5 Qe7 20.
Ng4 Rd6 21. Nxf6+ Qxf6 22. Qe5 Rad8 23. Kf1 Qxe5 24. dxe5 Rxd1 25. Rxd1
Rxd1+ 26. Bxd1 c5 27. f3 f6 28. exf6 gxf6 29. Kf2 Kf7 30. Bc2 f5 31. f4 Kf6
32. g3 e5 33. Ke3 Bc6 34. Bd3 Be8 35. Be2 Bf7 36. Bf3 Be8 37. g4 fxg4 38.
Bxg4 Bg6 39. Bd1 Bb1 40. a3 a5 41. Kf3 Kf5 42. fxe5 Kxe5 43. Ke3 Be4 44.
Kd2 Kf4 45. Bh5 Bf3 46. Be8 Bg4 47. Bc6 Bf5 48. Ke2 Kg4 49. Kf2 Kh3 50. Kg1
Bc2 51. Ba4 Bd1 52. Bd7+ Kh4 53. Ba4 Kg4 54. Kf2 Kf4 55. Ke1 Bg4 56. Kf2
Bf3 57. Bd7 Bd1 58. Ba4 Ke4 59. Ke1 Bg4 60. Kd2 Kf3 61. Bc6+ Kf2 62. Kd3 h5
63. Be8 h4 64. Ke4 Bd1 65. Ba4 Kg2 66. Kd5 Bf3+ 67. Kd6 Kxh2 68. Kc7 Kg3
69. Bd7 Bg4 70. Bc6 h3 71. Kxb6 Bf3 72. Bxf3 Kxf3 73. Kxa5 h2 74. Kb5 h1=Q
75. Kxc5 Ke4 76. b4 Qa1 77. b5 Qxa3+ 78. Kc6 Kd4 79. b6 Kxc4 80. b7 Qc5+
81. Kd7 Qb6 82. Kc8 Qc6+ 83. Kb8 Kb5 84. Ka7 Qc7 85. Ka8 Ka6 86. b8=N+ Kb6
87. Nd7+ Qxd7 88. Kb8 Qd8# { White checkmated } 0-1

[Event "ICC tourney 2182 (40 10)"]
[Site "Internet Chess Club"]
[Date "2020.12.06"]
[Round "3"]
[White "andrewjiang2"]
[Black "MrNormalName"]
[Result "0-1"]
[ICCResult "White resigns"]
[WhiteElo "1930"]
[BlackElo "2181"]
[Opening "Giuoco Piano"]
[ECO "C54"]
[NIC "IG.02"]
[Time "15:33:28"]
[PlyCount "42"]
[TimeControl "2400+10"]


1. e4 e5 2. Nf3 Nc6 3. Bc4 Bc5 4. c3 Nf6 5. d3 a6 6. Nbd2 O-O 7. O-O d6 8.
Re1 Ng4 9. Re2 Kh8 10. h3 f5 11. exf5 Nxf2 12. Rxf2 d5 13. Bb3 Bxf5 14. d4
exd4 15. cxd4 Nxd4 16. Nxd4 Bxd4 17. Nf3 Bxf2+ 18. Kxf2 Be4 19. Bc2 Qh4+
20. Ke3 Bxf3 21. gxf3 Rae8+ { White resigns } 0-1

[Event "ICC tourney 2182 (40 10)"]
[Site "Internet Chess Club"]
[Date "2020.12.06"]
[Round "3"]
[White "sillytiger"]
[Black "mchessmaster"]
[Result "0-1"]
[ICCResult "White resigns"]
[WhiteElo "1437"]
[BlackElo "1976"]
[Opening "QGD: 6.Nf3"]
[ECO "D55"]
[NIC "QO.13"]
[Time "15:32:51"]
[PlyCount "96"]
[TimeControl "2400+10"]


1. c4 e6 2. d4 d5 3. Nc3 Nf6 4. Bg5 Be7 5. Nf3 O-O 6. e3 b6 7. Bd3 dxc4 8.
Bxc4 Bb7 9. O-O Nbd7 10. a3 c5 11. Ba2 Rc8 12. Rc1 a6 13. Re1 Ne4 14. Nxe4
Bxe4 15. Bf4 cxd4 16. Nxd4 Nf6 17. Nxe6 Rxc1 18. Nxd8 Rxd1 19. Rxd1 Rxd8
20. Rxd8+ Bxd8 21. f3 Bd5 22. Bb1 b5 23. Bd3 Bb6 24. Kf2 Bc6 25. Ke2 Nd5
26. Bg3 Nxe3 27. Bf2 Nd5 28. Bg3 g6 29. a4 bxa4 30. Bxa6 Bd4 31. Bd6 Bxb2
32. Bc4 a3 33. Kd3 Bb5 34. Bxa3 Bxc4+ 35. Kxc4 Ne3+ 36. Kd3 Bxa3 37. Kxe3
Kg7 38. Kf4 Kf6 39. g4 Bc1+ 40. Kg3 Ke5 41. h3 g5 42. h4 f6 43. h5 h6 44.
Kf2 Kf4 45. Kg2 Be3 46. Kh3 Kxf3 47. Kh2 Kxg4 48. Kg2 f5 { White resigns }
0-1

[Event "ICC tourney 2182 (40 10)"]
[Site "Internet Chess Club"]
[Date "2020.12.06"]
[Round "3"]
[White "eigenator"]
[Black "IshanVannadil"]
[Result "1/2-1/2"]
[ICCResult "Game drawn by mutual agreement"]
[WhiteElo "2376"]
[BlackElo "1850"]
[Opening "QGD: Ragozin variation"]
[ECO "D38"]
[NIC "NI.27"]
[Time "15:32:33"]
[PlyCount "64"]
[TimeControl "2400+10"]


1. d4 Nf6 2. c4 e6 3. Nf3 d5 4. Nc3 Bb4 5. Bg5 c5 6. dxc5 O-O 7. e3 Nbd7 8.
cxd5 exd5 9. Be2 Bxc3+ 10. bxc3 Nxc5 11. O-O Nce4 12. Qd4 Re8 13. Bh4 Be6
14. Rab1 Qc7 15. Rfc1 b6 16. Ng5 Nxg5 17. Bxg5 Ne4 18. Bf4 Qe7 19. c4 Rad8
20. Bf3 g5 21. Be5 f6 22. Bc7 Qxc7 23. cxd5 Nc5 24. Qxf6 Bf7 25. Qxg5+ Bg6
26. d6 Rxd6 27. h4 Kh8 28. Ra1 Qe7 29. Qg4 Qe6 30. Qg3 Qe5 31. Qg4 Qe6 32.
Qg3 Rg8 { Game drawn by mutual agreement } 1/2-1/2

[Event "ICC tourney 2182 (40 10)"]
[Site "Internet Chess Club"]
[Date "2020.12.06"]
[Round "3"]
[White "JoelFagliano"]
[Black "Bearbarion"]
[Result "0-1"]
[ICCResult "White checkmated"]
[WhiteElo "2035"]
[BlackElo "1921"]
[Opening "Queen's pawn, Mason variation, Steinitz counter-gambit"]
[ECO "D00"]
[NIC "QP.08"]
[Time "15:32:36"]
[PlyCount "54"]
[TimeControl "2400+10"]


1. d4 d5 2. Bf4 c5 3. e3 Nc6 4. Nc3 Nf6 5. Nb5 e5 6. dxe5 Qa5+ 7. c3 a6 8.
exf6 axb5 9. Qxd5 Be6 10. Qg5 gxf6 11. Qxf6 Rg8 12. Qh4 Bg7 13. Qxh7 Bxc3+
14. Ke2 Rh8 15. Qc2 Bf6 16. f3 O-O-O 17. a3 Bc4+ 18. Kf2 Rd2+ 19. Qxd2
Qxd2+ 20. Be2 Ne5 21. Bxe5 Bxe5 22. f4 Bxb2 23. Re1 Re8 24. Nf3 Qxe3+ 25.
Kg3 Rg8+ 26. Kh3 Qe6+ 27. g4 Qxg4# { White checkmated } 0-1

[Event "ICC tourney 2182 (40 10)"]
[Site "Internet Chess Club"]
[Date "2020.12.06"]
[Round "3"]
[White "varsat"]
[Black "KnightHopper"]
[Result "1-0"]
[ICCResult "Black resigns"]
[WhiteElo "1857"]
[BlackElo "2039"]
[Opening "Sicilian: closed, 2...Nc6"]
[ECO "B23"]
[NIC "SI.44"]
[Time "15:33:01"]
[PlyCount "65"]
[TimeControl "2400+10"]


1. e4 c5 2. Nc3 Nc6 3. Bb5 Nd4 4. Nf3 a6 5. Be2 e6 6. d3 g6 7. O-O Bg7 8.
Bf4 d6 9. Kh1 e5 10. Bg3 Ne7 11. Nxd4 cxd4 12. Nb1 O-O 13. f4 f5 14. Nd2
fxe4 15. Nxe4 Nf5 16. Qd2 d5 17. Ng5 h6 18. Nf3 e4 19. Ne5 Nxg3+ 20. hxg3
e3 21. Qb4 g5 22. Qxd4 gxf4 23. Rxf4 Qg5 24. Rxf8+ Kxf8 25. Qf4+ Qxf4 26.
gxf4 Bf5 27. c3 b5 28. d4 b4 29. Bf3 Be4 30. Bxe4 dxe4 31. Re1 bxc3 32.
bxc3 Rb8 33. Nd7+ { Black resigns } 1-0

[Event "ICC tourney 2182 (40 10)"]
[Site "Internet Chess Club"]
[Date "2020.12.06"]
[Round "3"]
[White "xcelswimmer"]
[Black "mhebden"]
[Result "0-1"]
[ICCResult "White resigns"]
[WhiteElo "1920"]
[BlackElo "2503"]
[Opening "King's Indian: Sämisch, Panno formation"]
[ECO "E83"]
[NIC "KI.36"]
[Time "15:32:38"]
[PlyCount "61"]
[TimeControl "2400+10"]


1. d4 Nf6 2. c4 g6 3. f3 Bg7 4. e4 d6 5. Nc3 O-O 6. Be3 Nc6 7. Nge2 a6 8.
Qd2 Na5 9. b3 b5 10. cxb5 axb5 11. Rc1 c6 12. d5 b4 13. Na4 c5 14. Nf4 Nd7
15. Bb5 Nb6 16. O-O Nxa4 17. Bxa4 Bd7 18. Bxd7 Qxd7 19. Nd3 Qb5 20. e5 c4
21. Qxb4 Qxd5 22. Nf2 Qxe5 23. Ng4 Qe6 24. bxc4 h5 25. Bb6 Rfb8 26. Rfe1
Bd4+ 27. Nf2 Rxb6 28. Qd2 Qf6 29. Kf1 Rb2 30. Rc2 Nxc4 31. Qd3 { White
resigns } 0-1

[Event "ICC tourney 2182 (40 10)"]
[Site "Internet Chess Club"]
[Date "2020.12.06"]
[Round "3"]
[White "Openyagami"]
[Black "vyomvidy"]
[Result "1-0"]
[ICCResult "Black resigns"]
[WhiteElo "2604"]
[BlackElo "2337"]
[Opening "English: closed, 5.Rb1"]
[ECO "A25"]
[NIC "EO.15"]
[Time "15:32:36"]
[PlyCount "67"]
[TimeControl "2400+10"]


1. c4 e5 2. g3 Nc6 3. Bg2 g6 4. Nc3 Bg7 5. Rb1 d6 6. b4 f5 7. b5 Nce7 8. e3
Nf6 9. Nge2 O-O 10. a4 c6 11. Ba3 Be6 12. d3 d5 13. bxc6 bxc6 14. cxd5
Nfxd5 15. Nxd5 Bxd5 16. Bxd5+ cxd5 17. Rb7 Re8 18. Qb3 Rb8 19. O-O Bf8 20.
Rc1 Kf7 21. Nc3 Qc7 22. Nb5 Qd8 23. Nd6+ Ke6 24. Nxe8 Rxb7 25. Qxb7 Qxe8
26. Qxa7 f4 27. exf4 Nc6 28. Qb6 Bxa3 29. Rxc6+ Kf5 30. Rf6+ Kg4 31. Qe3
Qxa4 32. Qe2+ Kh3 33. Qf1+ Kg4 34. f3+ { Black resigns } 1-0

[Event "ICC tourney 2182 (40 10)"]
[Site "Internet Chess Club"]
[Date "2020.12.06"]
[Round "3"]
[White "AmyMGL"]
[Black "AJ2000"]
[Result "1-0"]
[ICCResult "Black resigns"]
[WhiteElo "1900"]
[BlackElo "1673"]
[Opening "Giuoco Piano: Anderssen variation"]
[ECO "C54"]
[NIC "IG.02"]
[Time "15:33:05"]
[PlyCount "67"]
[TimeControl "2400+10"]


1. e4 e5 2. Nf3 Nc6 3. Bc4 Bc5 4. c3 Nf6 5. d4 exd4 6. e5 d5 7. Bb5 Ne4 8.
cxd4 Bb4+ 9. Bd2 Bxd2+ 10. Nbxd2 Nxd2 11. Bxc6+ bxc6 12. Qxd2 O-O 13. O-O
Bf5 14. Qc3 Bd7 15. Nd2 f6 16. f4 fxe5 17. fxe5 Qe7 18. Nb3 Rae8 19. Nc5
Bg4 20. Qe3 Rb8 21. b3 Be6 22. Rac1 a5 23. Qc3 Bg4 24. Qxa5 Be2 25. Rxf8+
Rxf8 26. Qd2 Bg4 27. a4 Qf7 28. Qe3 Bf5 29. Rf1 Qg6 30. Qf4 Qe8 31. a5 Bc8
32. Qxf8+ Qxf8 33. Rxf8+ Kxf8 34. a6 { Black resigns } 1-0

[Event "ICC tourney 2182 (40 10)"]
[Site "Internet Chess Club"]
[Date "2020.12.06"]
[Round "3"]
[White "icommai"]
[Black "TjkTiger"]
[Result "0-1"]
[ICCResult "White resigns"]
[WhiteElo "1852"]
[BlackElo "2602"]
[Opening "King's Indian: Sämisch, 5...O-O"]
[ECO "E81"]
[NIC "KI.47"]
[Time "15:33:28"]
[PlyCount "80"]
[TimeControl "2400+10"]


1. d4 Nf6 2. c4 g6 3. f3 Bg7 4. e4 d6 5. Nc3 O-O 6. Be3 a6 7. Qd2 Nbd7 8.
Nh3 c6 9. Be2 b5 10. Nf2 bxc4 11. Bxc4 d5 12. Bb3 a5 13. O-O Nb6 14. Na4
Nfd7 15. Rfc1 Bb7 16. e5 Nxa4 17. Bxa4 Nb6 18. Bxc6 Bxc6 19. Rxc6 Nc4 20.
Qe2 Qd7 21. Rc5 a4 22. Nd3 Rfb8 23. Rb1 e6 24. Qe1 Bf8 25. b3 axb3 26. axb3
Nxe3 27. Qxe3 Bxc5 28. Nxc5 Qb5 29. Qd3 Qxd3 30. Nxd3 Ra2 31. b4 Rd2 32.
Rb3 Ra8 33. h4 Raa2 34. b5 Rxg2+ 35. Kf1 Rh2 36. Kg1 Rhd2 37. Kf1 Rd1+ 38.
Ne1 Raa1 39. b6 Rxe1+ 40. Kf2 Reb1 { White resigns } 0-1

[Event "ICC tourney 2182 (40 10)"]
[Site "Internet Chess Club"]
[Date "2020.12.06"]
[Round "3"]
[White "runtilmorrow1"]
[Black "pianoboy"]
[Result "1/2-1/2"]
[ICCResult "Game drawn by mutual agreement"]
[WhiteElo "1964"]
[BlackElo "1854"]
[Opening "Caro-Kann: classical variation"]
[ECO "B18"]
[NIC "CK.10"]
[Time "15:32:41"]
[PlyCount "52"]
[TimeControl "2400+10"]


1. e4 c6 2. d4 d5 3. Nd2 dxe4 4. Nxe4 Bf5 5. Ng3 Bg6 6. Nf3 Nd7 7. Bd3 Bxd3
8. Qxd3 Ngf6 9. Bf4 Nb6 10. O-O-O e6 11. Rhe1 Nbd5 12. Be5 Qa5 13. Qb3 Qa6
14. Ng5 Nd7 15. f4 Nxe5 16. Rxe5 Bd6 17. Qf3 Bxe5 18. fxe5 Kd8 19. Nxf7+
Ke7 20. Nxh8 Rxh8 21. Rf1 Qxa2 22. Ne4 Qa1+ 23. Kd2 Qxb2 24. Qf2 Qb4+ 25.
Kc1 Qa3+ 26. Kd1 Qa1+ { Game drawn by mutual agreement } 1/2-1/2

[Event "ICC tourney 2182 (40 10)"]
[Site "Internet Chess Club"]
[Date "2020.12.06"]
[Round "3"]
[White "RockoSweat"]
[Black "Natey"]
[Result "0-1"]
[ICCResult "White checkmated"]
[WhiteElo "1644"]
[BlackElo "1745"]
[Opening "Ruy Lopez: exchange variation"]
[ECO "C68"]
[NIC "RL.08"]
[Time "15:32:37"]
[PlyCount "122"]
[TimeControl "2400+10"]


1. e4 e5 2. Nf3 Nc6 3. Bb5 a6 4. Bxc6 dxc6 5. h3 Nf6 6. O-O Bd6 7. Re1 O-O
8. d4 Nd7 9. Bg5 f6 10. Be3 Qe7 11. Nbd2 exd4 12. Bxd4 Ne5 13. Nxe5 fxe5
14. Be3 Be6 15. Qe2 Qf7 16. a3 Qg6 17. Kh1 Rf7 18. Nf3 h6 19. Bd2 Raf8 20.
Rg1 Qh5 21. Nd4 Qxe2 22. Nxe2 Rxf2 23. Rae1 Bc4 24. b3 Bxe2 25. Be3 Bxa3
26. Bxf2 Rxf2 27. Ra1 Bc5 28. c3 Kf7 29. Rge1 Bh5 30. b4 Bb6 31. c4 Bd4 32.
Rab1 Bg6 33. b5 cxb5 34. cxb5 a5 35. Rbc1 Bb6 36. Rc4 Ke6 37. Kh2 Rb2 38.
Rd1 Rxb5 39. Rd8 Rb4 40. Rc1 Bxe4 41. Re1 a4 42. Re8+ Kd6 43. Rd8+ Kc6 44.
Re8 Bd4 45. Re6+ Kd5 46. Re7 a3 47. Rd7+ Ke6 48. Rxc7 a2 49. Rcc1 Rb1 50.
Rxb1 Bxb1 51. h4 a1=Q 52. h5 Qa2 53. Rc1 Bf5 54. Rf1 Be4 55. Kh3 Qxg2+ 56.
Kh4 Qg5+ 57. Kh3 Qxh5+ 58. Kg3 Qe2 59. Kh4 g5+ 60. Kg3 Qxf1 61. Kg4 Qf3# {
White checkmated } 0-1

[Event "ICC tourney 2182 (40 10)"]
[Site "Internet Chess Club"]
[Date "2020.12.06"]
[Round "3"]
[White "jy2020"]
[Black "alexdora"]
[Result "1-0"]
[ICCResult "Black resigns"]
[WhiteElo "2227"]
[BlackElo "1950"]
[Opening "Sicilian: Najdorf, Opocensky variation"]
[ECO "B92"]
[NIC "SI.10"]
[Time "15:32:34"]
[PlyCount "105"]
[TimeControl "2400+10"]


1. e4 c5 2. Nf3 d6 3. d4 cxd4 4. Nxd4 Nf6 5. Nc3 a6 6. Be2 e5 7. Nf3 Be7 8.
Bg5 Be6 9. Bxf6 Bxf6 10. O-O O-O 11. Nd5 Bxd5 12. Qxd5 Qc7 13. Bc4 Nd7 14.
Bb3 b5 15. Rad1 Be7 16. Rfe1 Nb6 17. Qd3 h6 18. c3 Rfc8 19. Bd5 Nxd5 20.
Qxd5 Qc4 21. h3 Rab8 22. Qd2 a5 23. a3 Rf8 24. Nh2 f5 25. exf5 Rxf5 26. Nf1
Rf7 27. Ne3 Qc5 28. Qd5 Qxd5 29. Nxd5 Bf8 30. Rd2 Rc8 31. Re4 g5 32. g3 Rg7
33. Kg2 Kf7 34. a4 Rb8 35. Nc7 bxa4 36. Rxa4 Rb7 37. Nd5 Rb5 38. c4 Rc5 39.
Nc3 Ke6 40. Rd5 Rxd5 41. cxd5+ Kf5 42. g4+ Kg6 43. Rxa5 Rb7 44. Rb5 Ra7 45.
Rb6 Ra1 46. b4 Kf7 47. Rb7+ Be7 48. b5 Ke8 49. Rc7 Rc1 50. b6 Bd8 51. Rc8
Kd7 52. b7 Bc7 53. Nb5 { Black resigns } 1-0

[Event "ICC tourney 2182 (40 10)"]
[Site "Internet Chess Club"]
[Date "2020.12.06"]
[Round "3"]
[White "arconsul2"]
[Black "Chesssaga"]
[Result "0-1"]
[ICCResult "White resigns"]
[WhiteElo "1758"]
[BlackElo "2004"]
[Opening "English, 1...Nf6 (Anglo-Indian defense)"]
[ECO "A15"]
[NIC "EO.64"]
[Time "15:32:43"]
[PlyCount "112"]
[TimeControl "2400+10"]


1. c4 Nf6 2. g3 Nc6 3. Bg2 e5 4. Nc3 Bb4 5. e3 Bxc3 6. bxc3 e4 7. Ba3 Ne5
8. Bf1 d6 9. d4 exd3 10. Bxd3 Nxd3+ 11. Qxd3 b6 12. Ne2 Bb7 13. O-O Qd7 14.
Rfd1 Qc6 15. e4 Qxe4 16. Qxe4+ Nxe4 17. Rab1 O-O-O 18. Rd3 Nc5 19. Rd2 Rhe8
20. Rbd1 Ba6 21. Nd4 Kb7 22. Nb5 Ne4 23. Rd3 Bxb5 24. cxb5 Re5 25. c4 Nc5
26. Bxc5 Rxc5 27. Rf3 Rd7 28. Rd4 Re7 29. Kf1 f6 30. Rfd3 a6 31. bxa6+ Kxa6
32. Rd2 Kb7 33. Rh4 h5 34. Rd5 Rxd5 35. cxd5 Re5 36. Rd4 c6 37. dxc6+ Kxc6
38. Ra4 Ra5 39. Rc4+ Kd7 40. Rc2 d5 41. Ke2 Ra3 42. Rb2 Kc6 43. Rc2+ Kd6
44. Rb2 Kc5 45. Kd2 b5 46. Rc2+ Kd4 47. Ke2 b4 48. Kd2 Rc3 49. Rb2 Kc4 50.
Ke2 d4 51. Kd2 d3 52. f4 f5 53. h3 g6 54. h4 Ra3 55. Kc1 Kc3 56. Rd2 b3 {
White resigns } 0-1

[Event "ICC tourney 2182 (40 10)"]
[Site "Internet Chess Club"]
[Date "2020.12.06"]
[Round "3"]
[White "largecrab"]
[Black "HarleyQueen8"]
[Result "1-0"]
[ICCResult "Black checkmated"]
[WhiteElo "2158"]
[BlackElo "1867"]
[Opening "Sicilian: Sozin, Leonhardt variation"]
[ECO "B88"]
[NIC "SI.26"]
[Time "15:32:39"]
[PlyCount "117"]
[TimeControl "2400+10"]


1. e4 c5 2. Nf3 d6 3. d4 cxd4 4. Nxd4 Nf6 5. Nc3 Nc6 6. Bc4 e6 7. O-O Be7
8. Be3 O-O 9. Bb3 a6 10. f4 Na5 11. Qf3 Nxb3 12. Nxb3 Qc7 13. Rad1 b5 14.
a3 Bb7 15. Bd4 Nd7 16. f5 Bf6 17. Qg3 Be5 18. Bxe5 Nxe5 19. f6 Ng6 20. Qxd6
Qxd6 21. Rxd6 Rfd8 22. Rb6 Bc8 23. fxg7 Kxg7 24. Rd1 Rxd1+ 25. Nxd1 Ra7 26.
Nc5 Rc7 27. b4 Ne5 28. Ne3 Ra7 29. Rd6 Nd7 30. Rc6 Nxc5 31. Rxc5 Bd7 32. e5
a5 33. Ng4 axb4 34. axb4 Ra6 35. Rc7 Bc6 36. Nf6 Kg6 37. g4 Bf3 38. Kf2 Bd1
39. Kg3 h5 40. Nxh5 Ra2 41. c3 Rd2 42. Rc8 Rd3+ 43. Kh4 Bxg4 44. Nf4+ Kf5
45. Nxd3 Be2 46. Nc5 Kxe5 47. Rf8 f5 48. Kg5 Bc4 49. h4 f4 50. Rxf4 Be2 51.
Re4+ Kd5 52. Rxe2 e5 53. h5 e4 54. h6 e3 55. h7 Kc4 56. h8=Q Kd5 57. Qd4+
Kc6 58. Qd7+ Kb6 59. Qb7# { Black checkmated } 1-0

[Event "ICC tourney 2182 (40 10)"]
[Site "Internet Chess Club"]
[Date "2020.12.06"]
[Round "3"]
[White "abi2009"]
[Black "che8642"]
[Result "1-0"]
[ICCResult "Black checkmated"]
[WhiteElo "1712"]
[BlackElo "1532"]
[Opening "Sicilian: classical"]
[ECO "B58"]
[NIC "SI.25"]
[Time "15:32:37"]
[PlyCount "141"]
[TimeControl "2400+10"]


1. e4 c5 2. Nf3 d6 3. d4 cxd4 4. Nxd4 Nf6 5. Nc3 Nc6 6. Be2 a6 7. Be3 g6 8.
Qd2 Bg7 9. O-O-O Qc7 10. f4 b5 11. Nxc6 Qxc6 12. e5 b4 13. Bf3 Qc7 14. Bxa8
bxc3 15. Qxc3 Qxc3 16. bxc3 dxe5 17. fxe5 Nd7 18. e6 fxe6 19. Bd4 Bh6+ 20.
Kb2 O-O 21. Rde1 Nf6 22. Rhf1 Bd7 23. Be4 Nxe4 24. Rxf8+ Kxf8 25. Rxe4 Bg5
26. Re5 h6 27. Ra5 Bc8 28. Rc5 Bd7 29. Rc7 Ke8 30. Ra7 Bc8 31. Kb3 Bf4 32.
Bc5 Bg5 33. Kb4 Bf6 34. g3 Kd8 35. Bb6+ Ke8 36. Rc7 Bd7 37. Bd4 e5 38. Be3
h5 39. Ka5 Kd8 40. Bb6 e4 41. Kxa6 e3 42. Rc4+ Ke8 43. Bxe3 Be6 44. Rc7
Bxa2 45. c4 Bb1 46. c5 Bxc2 47. c6 Bd3+ 48. Kb7 Be5 49. Rc8+ Kf7 50. Bf4
Bf6 51. c7 Be4+ 52. Kb8 Bf5 53. Rd8 e5 54. Be3 g5 55. Rd6 Be7 56. Rb6 h4
57. c8=Q Bxc8 58. Kxc8 hxg3 59. hxg3 Bf6 60. g4 Kg6 61. Kd7 Kf7 62. Re6 Kg7
63. Bc5 Kf7 64. Bd6 Kg7 65. Bxe5 Bxe5 66. Rxe5 Kf6 67. Rf5+ Kg6 68. Ke7 Kh6
69. Kf7 Kh7 70. Rxg5 Kh6 71. Rh5# { Black checkmated } 1-0

[Event "ICC tourney 2182 (40 10)"]
[Site "Internet Chess Club"]
[Date "2020.12.06"]
[Round "3"]
[White "goodcrowdchess"]
[Black "saiabhi29"]
[Result "0-1"]
[ICCResult "White forfeits on time"]
[WhiteElo "1691"]
[BlackElo "2078"]
[Opening "Alekhine's defense"]
[ECO "B02"]
[NIC "AL.10"]
[Time "15:32:38"]
[PlyCount "106"]
[TimeControl "2400+10"]


1. e4 Nf6 2. e5 Nd5 3. c4 Nb6 4. d4 d6 5. Nf3 Nc6 6. exd6 exd6 7. Be2 Be7
8. O-O O-O 9. Nc3 Bf6 10. Be3 Bg4 11. b3 Re8 12. Qd2 d5 13. c5 Nc8 14. Rae1
N8e7 15. h3 Be6 16. Bd3 Qd7 17. Ne2 Ng6 18. Ng3 a5 19. a3 Nh4 20. Nxh4 Bxh4
21. Bb5 Bf6 22. Nh5 Be7 23. Bh6 g6 24. Ng7 Red8 25. Re3 Bf6 26. Nxe6 fxe6
27. Rf3 Qe7 28. Bxc6 bxc6 29. Qf4 Bg7 30. Bg5 Qd7 31. Bxd8 Rxd8 32. Qd2 Rb8
33. Rd3 Ra8 34. Re1 Bf6 35. Re2 Bg7 36. Qe1 Kf7 37. Rf3+ Bf6 38. b4 axb4
39. axb4 Re8 40. g4 Kg7 41. Qd2 h6 42. Ra3 Qc8 43. Qe3 Qb7 44. Qc3 Qb5 45.
Rea2 e5 46. Ra7 Re7 47. R2a5 Qe2 48. Qg3 Qd1+ 49. Kh2 Qxd4 50. Rb7 Bg5 51.
Kg1 Bf4 52. Qb3 Rf7 53. Qc2 Bd2 { White forfeits on time } 0-1

[Event "ICC tourney 2182 (40 10)"]
[Site "Internet Chess Club"]
[Date "2020.12.06"]
[Round "3"]
[White "marble"]
[Black "sanjayrame"]
[Result "1-0"]
[ICCResult "Black resigns"]
[WhiteElo "2537"]
[BlackElo "1943"]
[Opening "Sicilian: Najdorf, Zagreb (fianchetto) variation"]
[ECO "B91"]
[NIC "SI.14"]
[Time "15:32:37"]
[PlyCount "101"]
[TimeControl "2400+10"]


1. e4 c5 2. Nf3 d6 3. d4 cxd4 4. Nxd4 Nf6 5. Nc3 a6 6. g3 e6 7. Bg2 Be7 8.
O-O O-O 9. Be3 Qc7 10. g4 Nc6 11. g5 Nd7 12. f4 Nxd4 13. Qxd4 b6 14. f5 Bb7
15. Rf2 Rfe8 16. Raf1 Ne5 17. f6 Bf8 18. Qd1 Rad8 19. Bd4 b5 20. Kh1 b4 21.
Na4 Qd7 22. b3 Bc6 23. Nb2 Qb7 24. Qe2 Ng6 25. fxg7 Bxg7 26. Bxg7 Kxg7 27.
Rxf7+ Qxf7 28. Rxf7+ Kxf7 29. Qxa6 Ne5 30. Nd3 Ba8 31. Nxb4 Re7 32. Qe2 Kg8
33. Nd3 Ng6 34. Qg4 Rf8 35. h4 d5 36. h5 dxe4 37. Bxe4 Nf4 38. Bxa8 Nxd3
39. cxd3 Rxa8 40. a4 Rc8 41. h6 Rc1+ 42. Kg2 Rec7 43. Qxe6+ Kf8 44. Qf6+
Kg8 45. Qe6+ Kf8 46. Qf5+ Kg8 47. Qd5+ Kf8 48. g6 R7c2+ 49. Kh3 hxg6 50. h7
Rh1+ 51. Qxh1 { Black resigns } 1-0

[Event "ICC tourney 2182 (40 10)"]
[Site "Internet Chess Club"]
[Date "2020.12.06"]
[Round "3"]
[White "coolsportsguy"]
[Black "KRASAVCHIK"]
[Result "0-1"]
[ICCResult "White resigns"]
[WhiteElo "2333"]
[BlackElo "2648"]
[Opening "Queen's pawn: London system"]
[ECO "A45"]
[NIC "QP.07"]
[Time "15:32:51"]
[PlyCount "162"]
[TimeControl "2400+10"]


1. d4 Nf6 2. Bf4 g6 3. Nc3 d5 4. e3 Bg7 5. h4 h5 6. Nf3 Bg4 7. Qd2 Bxf3 8.
gxf3 c6 9. O-O-O Nbd7 10. e4 e6 11. Bg5 Qb6 12. Kb1 Bf8 13. Qe3 Be7 14. Bh3
O-O-O 15. Bf4 Qa5 16. Rhe1 Nb6 17. Bf1 Ne8 18. exd5 Nxd5 19. Nxd5 cxd5 20.
c4 Bd6 21. Bg5 Rd7 22. c5 Bc7 23. Qb3 Bd8 24. Bd2 Qc7 25. Rc1 Kb8 26. c6
Rd6 27. cxb7 Qxb7 28. Bf4 Qxb3 29. axb3 Kb7 30. Bxd6 Nxd6 31. Ba6+ Kb6 32.
Bc8 Nf5 33. Bxe6 fxe6 34. Rxe6+ Kb7 35. Rxg6 Bb6 36. Rg5 Nxh4 37. Rh1 Nxf3
38. Rgxh5 Rf8 39. Rxd5 Nxd4 40. Rh2 Nxb3 41. Rd3 Nc5 42. Re3 Rf6 43. f3 Ka6
44. Ka2 Kb5 45. Rc2 Rf4 46. Ra3 Rd4 47. Re2 Nd3 48. Rc3 Ba5 49. Rc8 Ka4 50.
b3+ Kb5 51. Kb1 Rh4 52. Re4 Rh2 53. Rd4 Rh1+ 54. Ka2 Nb4+ 55. Kb2 Bb6 56.
Rd2 Rf1 57. Rf8 Nc6 58. Rf5+ Ka6 59. Rf6 Ne5 60. f4 Ng4 61. Rf7 Ne3 62. Rd3
Rf2+ 63. Kb1 Ng4 64. Rd5 Ne3 65. Rd3 Nc2 66. f5 Nb4 67. Rd1 Na2 68. Rd3 Bd4
69. Rxd4 Nc3+ 70. Kc1 Ne2+ 71. Kd2 Nxd4+ 72. Ke3 Rxf5 73. Rxf5 Nxf5+ 74.
Ke4 Kb5 75. Kxf5 Kb4 76. Ke4 Kxb3 77. Kd3 a5 78. Kd2 Kb2 79. Kd3 a4 80. Kc4
a3 81. Kb4 a2 { White resigns } 0-1

[Event "ICC tourney 2182 (40 10)"]
[Site "Internet Chess Club"]
[Date "2020.12.06"]
[Round "3"]
[White "musk6868"]
[Black "vvguys"]
[Result "0-1"]
[ICCResult "White resigns"]
[WhiteElo "2066"]
[BlackElo "1559"]
[Opening "Sicilian defense"]
[ECO "B44"]
[NIC "SI.39"]
[Time "15:32:39"]
[PlyCount "192"]
[TimeControl "2400+10"]


1. e4 c5 2. Nf3 e6 3. d4 cxd4 4. Nxd4 Nc6 5. c4 Qc7 6. Nc3 a6 7. Be3 d6 8.
Be2 Bd7 9. O-O Nf6 10. Rc1 Be7 11. Qd2 O-O 12. f3 Rac8 13. b3 Rfd8 14. Nc2
d5 15. cxd5 exd5 16. Nxd5 Nxd5 17. exd5 Be6 18. Nd4 Bxd5 19. Rfd1 Bb4 20.
Qb2 Qe7 21. Nf5 Qf8 22. Rc2 Be6 23. Rxd8 Rxd8 24. Ng3 Ba3 25. Qa1 Nb4 26.
Rd2 Rc8 27. Qe5 Bc1 28. Ne4 Nc6 29. Qg3 Bxd2 30. Bxd2 Nd4 31. Bd3 Nf5 32.
Qe5 Rd8 33. Bb1 Qe7 34. h3 f6 35. Qa5 Nd4 36. Bb4 Nc6 37. Bxe7 Rd1+ 38. Kf2
Nxa5 39. Bc2 Rd7 40. Bb4 Nc6 41. Bc3 Bf7 42. Nc5 Rc7 43. Be4 Bg6 44. Bd5+
Bf7 45. Be4 Nd8 46. Bd4 Ne6 47. Nxe6 Bxe6 48. Ke3 h6 49. g4 Kf7 50. h4 g6
51. Bb6 Rd7 52. Ke2 Bd5 53. Bc2 Rd6 54. Be3 Rc6 55. Bd1 Rd6 56. Kf2 Bc6 57.
Bc2 h5 58. gxh5 gxh5 59. Bf4 Rd4 60. Ke3 Rd7 61. Bf5 Re7+ 62. Kf2 Bb5 63.
Be3 Re5 64. Be4 Bc6 65. Bd3 Re7 66. Bc4+ Kg7 67. Bd3 Rd7 68. Be2 Bb5 69. a4
Bxe2 70. Kxe2 Kg6 71. a5 Kf5 72. b4 Ke5 73. Bc5 f5 74. Bb6 Re7 75. Bc5 Rc7
76. Ke3 Rd7 77. Bb6 f4+ 78. Ke2 Rg7 79. Kf2 Rg6 80. Bc7+ Kf5 81. Bb6 Rd6
82. Ke2 Rc6 83. Kd3 Rc1 84. Ke2 Rc2+ 85. Kd3 Rh2 86. Bd8 Rf2 87. Kc4 Rxf3
88. Kc5 Rd3 89. Be7 Rd7 90. Bg5 f3 91. Be3 Kg4 92. Bf2 Kh3 93. b5 axb5 94.
Kxb5 Kg2 95. Be3 f2 96. Bxf2 Kxf2 { White resigns } 0-1